 Dungeon Crawl Stone Soup version 0.31-a0-986-g5e6e4ef867 (webtiles) character file.

Game seed: 14029722336348590797

185 FakeRyeBread the Covered (level 5, -11/33 HPs)
             Began as a Gargoyle Fighter on Nov 7, 2023.
             Killed by divine providence
             ... invoked by an orc priest
              (15 damage)
             ... on level 3 of the Dungeon.
             The game lasted 00:05:24 (1771 turns).

FakeRyeBread the Covered (Gargoyle Fighter)         Turns: 1771, Time: 00:05:25

Health: -11/33     AC: 14    Str: 21    XL:     5   Next: 64%
Magic:  5/5        EV:  8    Int:  9    God:
Gold:   121        SH:  4    Dex:  9    Spells: 4/4 levels left

rFire   + . .        a - +0 flail
rCold   . . .        c - +0 buckler
rNeg    + . .        g - +0 chain mail
rPois   ∞            (no helmet)
rElec   +            (no cloak)
rCorr   .            n - +0 pair of gloves
SInv    .            (no boots)
Will    .....        p - amulet of the acrobat Stlth
                     j - ring of protection from fire
HPRegen 0.25/turn    (no ring)
MPRegen 0.09/turn

%: acrobat
@: attractive
A: sickness immunity, AC +4, negative energy resistance 1, electricity
resistance, torment resistance 1, petrification resistance
a: no special abilities


You were on level 3 of the Dungeon.
You visited 1 branch of the dungeon, and saw 3 of its levels.

You collected 121 gold pieces.

Inventory:

Hand Weapons
 a - a +0 flail (weapon)
Armour
 c - a +0 buckler (worn)
 g - a +0 chain mail (worn)
 n - a +0 pair of gloves (worn)
Jewellery
 j - a ring of protection from fire (left hand)
 p - an amulet of the acrobat (around neck)
Scrolls
 b - a scroll of poison {unknown}
 e - 2 scrolls of noise {unknown}
 f - 5 scrolls of identify {unknown}
 i - a scroll of immolation {unknown}
 m - a scroll of amnesia {unknown}
 o - a scroll of fear {unknown}
 q - a scroll of enchant weapon {unknown}
Potions
 d - a potion of might
 h - a potion of attraction
 l - a potion of brilliance {unknown}
 r - a potion of lignification {unknown}


   Skills:
 + Level 4.2 Fighting
 * Level 3.8 Maces & Flails
 + Level 4.2 Armour
 + Level 4.2 Shields


You had 4 spell levels left.
You didn't know any spells.
Your spell library contained the following spells:

 Spells                   Type           Power      Damage    Failure   Level
 Dispel Undead            Necr           0%         3d6       100%        4
 Death Channel            Necr           0%         N/A       100%        6
 Cigotuvi's Dreadful Rot  Necr/Pois/Air  Unusable   N/A       N/A         2

Dungeon Overview and Level Annotations

Branches:
Dungeon (3/15)

Altars:


Innate Abilities, Weirdness & Mutations

You are immune to sickness and miasma.
Your stone body is resilient. (AC +4)
You are immune to poison.
You resist negative energy. (rN+)
You are resistant to electric shocks. (rElec)
You are resistant to unholy torment.
You are immune to petrification.


Message History

The orc priest calls down the wrath of Beogh upon you.
Beogh smites you!
* * * LOW HITPOINT WARNING * * *
The orc hits you but does no damage.
The orc wizard mumbles some strange words.
The orc wizard flickers and vanishes!
Deactivating autopickup; reactivate with Ctrl-A.
It was a potion of attraction.
You feel attractive to monsters. The orc hits you but does no damage.
The orc priest hits you but does no damage.
Something hits you but does no damage.
It was a potion of curing.
You feel better. You block the orc priest's attack.
The orc hits you but does no damage. Something hits you but does no damage.
You closely miss the orc priest. The orc hits you with a +0 dagger.
The orc priest completely misses you. You block something's attack.
The orc priest casts a cantrip, but nothing happens.
You block the orc's attack.
You hit the orc priest.
The orc priest is lightly wounded.
Something hits you but does no damage.
The orc priest hits you but does no damage.
The orc hits you but does no damage.
You hit the orc priest.
The orc priest is moderately wounded.
Something hits you but does no damage.
The orc priest calls down the wrath of Beogh upon you.
Pain shoots through your body!
* * * LOW HITPOINT WARNING * * *
The orc hits you with a +0 dagger.
* * * LOW HITPOINT WARNING * * *
You hit the orc priest.
The orc priest is heavily wounded.
Something hits you.
* * * LOW HITPOINT WARNING * * *
You block the orc priest's attack. The orc barely misses you.
Something hits you but does no damage.
The orc priest invokes the aid of Beogh against you.
Beogh smites you!
You die...

....# #.# ≈..
....#######.# ≈.#
..........#.# ≈.#
.###.####.#.# ###≈.# ≈
## #.##..†..# #..≈.# ..
#.##.#†### ###.#≈.# ≈.#
#.##.#.# #o.o.≈o#.≈
#......# #o###.≈.#
#######.########@###.≈.#
.......... ..#..{o.).≈.#
#######.####.#.#.##..≈.#
.## #.####.#.#.###.≈.#
..# #.##..[..#.. .≈....
..# #.##.#.######
.≈≈≈≈≈≈ ..# #......#
....... ..# ####.###
######. ..###### #..#


You could see an orc priest and 2 orcs.

Vanquished Creatures
  An orc priest (D:3)
  A gnoll (D:1)
  8 adders (D:2)
  A dart slug (D:3)
  4 orcs (D:3)
  9 ball pythons
  4 bats
  6 endoplasms
  A giant cockroach (D:2)
  7 goblins
  7 hobgoblins
  7 jackals
  3 kobolds (D:1)
  2 quokkas
  A frilled lizard (D:1)
  3 rats
65 creatures vanquished.

Notes
Turn   | Place    | Note
-------+----------+-------------------------------------------
     0 | D:1      | FakeRyeBread the Gargoyle Fighter began the quest for the
                  | Orb.
     0 | D:1      | Reached XP level 1. HP: 14/14 MP: 1/1
    59 | D:1      | Reached XP level 2. HP: 17/19 MP: 2/2
   221 | D:1      | Reached XP level 3. HP: 23/23 MP: 3/3
  1116 | D:2      | Reached XP level 4. HP: 29/29 MP: 2/4
  1439 | D:2      | Reached XP level 5. HP: 31/33 MP: 5/5
  1771 | D:3      | Killed from afar by an orc priest

Illustrated notes

Levels and vault maps discovered:
D:1:      tarquinn_simple_flora_water_d, layout_rooms
D:2:      layout_loops_ring, roderic_serpentine_path,
          minmay_misc_feat_secret_circle, minmay_snake_closets
D:3:      layout_loops_cross, nicolae_overflow_squiral

Skill      XL: |  1  2  3  4 |
---------------+-------------+-----
Maces & Flails | 3 |  3.8
Shields        | 4 |  4.2
Fighting       | 4 |  4.2
Armour         | 4 |  4.2

Action                     |  1- 3 |  4- 6 || total
---------------------------+-------+-------++-------
  Melee: Flail             |   147 |   123 ||   270
    Use: Potion            |       |     2 ||     2
 Armour: Scale mail        |    22 |       ||    22
         Chain mail        |   109 |   134 ||   243
  Dodge: Dodged            |    82 |    61 ||   143
  Block: Buckler           |    37 |    28 ||    65

Table legend: (Time is in decaauts)
 A = Elapsed time spent in this place.
 B = Non-inter-level travel time spent in this place.
 C = Inter-level travel time spent in this place.
 D = Time resting spent in this place.
 E = Time spent auto-exploring this place.
 F = Levels seen in this place.
 G = Mean time per level.
                   A        B        C        D        E       F      G
               +--------+--------+--------+--------+--------+-----+--------+
         Total |   1847 |   1723 |    124 |      0 |   1029 |   3 |  615.7 |
       Dungeon |   1847 |   1723 |    124 |      0 |   1029 |   3 |  615.7 |
               +--------+--------+--------+--------+--------+-----+--------+

Top non-repeatable levels by time:
     D:2: 875 daAuts
     D:1: 751 daAuts
     D:3: 221 daAuts
